 Dungeon Crawl Stone Soup version 0.31-a0-1068-g5939ac1fb6 (webtiles) character file.

Game seed: 658120789663694104

102 MacCMillion the Shield-Bearer (level 4, 0/38 HPs)
             Began as a Ghoul Fighter on Nov 23, 2023.
             Slain by Ijyb
             ... wielding a +0 club
              (3 damage)
             ... on level 2 of the Dungeon.
             The game lasted 00:02:51 (2019 turns).

MacCMillion the Shield-Bearer (Ghoul Fighter)       Turns: 2019, Time: 00:02:52

Health: 0/38       AC:  6    Str: 21    XL:     4   Next: 78%
Magic:  3/3        EV:  9    Int:  7    God:
Gold:   94         SH:  4    Dex:  8    Spells: 3/3 levels left

rFire   . . .        h - +0 hand axe
rCold   + . .        c - +0 buckler
rNeg    + + +        b - +0 scale mail
rPois   ∞            (no helmet)
rElec   .            (no cloak)
rCorr   .            (no gloves)
SInv    .            (no boots)
Will    .....        (no amulet) Stlth
                     (no ring)
HPRegen 0.00/turn    (no ring)
MPRegen 0.08/turn

%: no passive effects
@: inhibited regen
A: claws 1, cold resistance 1, negative energy resistance 3, inhibited
regeneration, torment resistance 2, devour on kill
a: no special abilities


You were on level 2 of the Dungeon.
You visited 1 branch of the dungeon, and saw 3 of its levels.

You collected 94 gold pieces.

Inventory:

Hand Weapons
 a - a +0 war axe
 h - a +0 hand axe (weapon)
Armour
 b - a +0 scale mail (worn)
 c - a +0 buckler (worn)
Jewellery
 i - a ring of flight
Scrolls
 f - a scroll of poison {unknown}
 g - 2 scrolls of identify {unknown}
 j - 2 scrolls of teleportation {unknown}
 l - a scroll of revelation {unknown}
Potions
 d - a potion of might
 e - a potion of lignification {unknown}
 k - a potion of curing {unknown}


   Skills:
 - Level 3.2 Fighting
 + Level 3.3 Axes
 - Level 2.6 Armour
 + Level 3.9 Shields


You had 3 spell levels left.
You didn't know any spells.
Your spell library contained the following spells:

 Spells                   Type           Power      Damage    Failure   Level
 Blink                    Tloc           0%         N/A       93%         2
 Manifold Assault         Tloc           0%         N/A       100%        4
 Petrify                  Tmut/Erth      0%         N/A       100%        4
 Irradiate                Conj/Tmut      0%         3d11      100%        5
 Sublimation of Blood     Necr           Unusable   N/A       N/A         2

Dungeon Overview and Level Annotations

Branches:
Dungeon (3/15)

Altars:

Annotations:
D:2 Ijyb


Innate Abilities, Weirdness & Mutations

You are immune to poison.
You have sharp fingernails.
Your flesh is cold resistant. (rC+)
You are immune to negative energy. (rN+++)
You do not regenerate when monsters are visible.
You are immune to unholy pain and torment.
You thrive by killing the living.


Message History

Ijyb hits you with a +0 club. The goblin hits you with a +0 dagger.
You closely miss Ijyb.
Ijyb is almost dead.
You hit the goblin.
You kill the goblin!
Ijyb hits you but does no damage.
You barely miss Ijyb.
Ijyb is almost dead.
Ijyb hits you with a +0 club. Ijyb hits you but does no damage.
You closely miss Ijyb.
Ijyb is almost dead.
Ijyb zaps a wand.
The puff of flame hits you!
* * * LOW HITPOINT WARNING * * *
You hit Ijyb but do no damage.
Ijyb is severely wounded.
Ijyb barely misses you.
You closely miss Ijyb.
Ijyb is severely wounded.
Ijyb hits you but does no damage.
You closely miss Ijyb.
Ijyb is severely wounded.
Ijyb hits you with a +0 club.
* * * LOW HITPOINT WARNING * * *
You completely miss Ijyb.
Ijyb is severely wounded.
Ijyb barely misses you. Ijyb closely misses you.
You hit Ijyb.
Ijyb is almost dead.
Ijyb barely misses you.
You hit Ijyb but do no damage.
Ijyb is almost dead.
Ijyb zaps a wand.
The puff of flame hits you.
* * * LOW HITPOINT WARNING * * *
You hit Ijyb but do no damage.
Ijyb is almost dead.
Ijyb closely misses you.
You completely miss Ijyb.
Ijyb is almost dead.
Ijyb hits you with a +0 club.
You die...

#.........# #.......# #.# ###
#.........#
##...<..####.######..
#.........#
#...................
#.........#
#.#########.........
#.........####.#####
########..
#.........#........# #..
#.#########.##.###.##########
#.. #.# #.##.##g..........#
#.. #.# #.##.)@.....#####.#
##. #.# #.#####...........#
#. #.# #.# #.###.####..####.
#.## #.# #.# #.)..........
...# #.# #.# ######..####.
#.## ##.# #.# #..####. #.#
#..# #.# #....... #.#
##.######.## #.#####. #.#
#..........#######.#####.


You could see Ijyb.

Vanquished Creatures
  A hound (D:3)
  2 adders (D:2)
  6 ball pythons
  8 bats
  4 endoplasms
  4 giant cockroaches
  7 goblins
  3 hobgoblins
  A jackal (D:1)
  A quokka (D:1)
  4 frilled lizards
  5 kobolds
  3 rats (D:1)
49 creatures vanquished.

Notes
Turn   | Place    | Note
-------+----------+-------------------------------------------
     0 | D:1      | MacCMillion the Ghoul Fighter began the quest for the Orb.
     0 | D:1      | Reached XP level 1. HP: 19/19 MP: 0/0
    82 | D:1      | Found a faded altar of an unknown god.
   289 | D:1      | Reached XP level 2. HP: 26/26 MP: 1/1
   686 | D:1      | Reached XP level 3. HP: 31/31 MP: 2/2
  1137 | D:2      | Reached XP level 4. HP: 38/38 MP: 3/3
  1981 | D:3      | Noticed Ijyb
  2019 | D:2      | Slain by Ijyb

Illustrated notes

Levels and vault maps discovered:
D:1:      dpeg_arrival_solitude, layout_basic,
          shapermc_ecumenical_altar_mp_highgroup, st_stairs_11,
          minmay_misc_feat_rows
D:2:      layout_loops_ring
D:3:      kennysheep_the_goblin_king, layout_loops_ring, old_standard_altar,
          nicolae_sif_muna_little_library, serial_shops,
          nicolae_shop_hallway_stairs

Skill      XL: |  1  2  3  4 |
---------------+-------------+-----
Axes           | 2 3 |  3.3
Shields        | 3 |  3.9
Fighting       | |  3.2
Armour         | |  2.6

Action                     |  1- 3 |  4- 6 || total
---------------------------+-------+-------++-------
  Melee: War axe           |    57 |       ||    57
         Hand axe          |    93 |    72 ||   165
 Armour: Scale mail        |   124 |    61 ||   185
  Dodge: Dodged            |    87 |    39 ||   126
  Block: Buckler           |    32 |     8 ||    40

Table legend: (Time is in decaauts)
 A = Elapsed time spent in this place.
 B = Non-inter-level travel time spent in this place.
 C = Inter-level travel time spent in this place.
 D = Time resting spent in this place.
 E = Time spent auto-exploring this place.
 F = Levels seen in this place.
 G = Mean time per level.
                   A        B        C        D        E       F      G
               +--------+--------+--------+--------+--------+-----+--------+
         Total |   2074 |   2053 |     21 |    296 |   1254 |   3 |  691.3 |
       Dungeon |   2074 |   2053 |     21 |    296 |   1254 |   3 |  691.3 |
               +--------+--------+--------+--------+--------+-----+--------+

Top non-repeatable levels by time:
     D:1: 993 daAuts
     D:2: 751 daAuts
     D:3: 329 daAuts
